General information
- name: BNet
- type: Ladder 1vs1/FFA
- host: Battle.net
- saver: YukonCorneleone
map: TirisfalGlades
- players: 2
- length: 10:28
- speed: Fast
- version: 1.24 W3XP
- replay type: Public
» download(30 KB)
Players
team 1 (loser)

»
l3lowuaway (
blue | 111 APM | 1154 actions | 10:26)
2 Mountain King
1 Storm Bolt
1 Thunder Clap
» actions
| Assign group hotkey | 55 | |
| Basic commands | 21 | |
| Build / train | 28 | |
| Enter build submenu | 14 | |
| Enter hero's abilities submenu | 3 | |
| Right click | 166 | |
| Select / deselect | 129 | |
| Select group hotkey | 715 | |
| Use ability | 23 | |
1154 total
» units
» upgrades
| Defend | 1 | |
| Plating | 1 | |
| Lumber Harvesting | 1 | |
| Sorceress Training | 1 | |
| Priest Training | 1 | |
5 total
» buildings
| Farm | 4 | |
| Altar of Kings | 1 | |
| Barracks | 1 | |
| Scout Tower | 1 | |
| Lumber Mill | 1 | |
| Arcane Tower | 1 | |
| Keep | 1 | |
| Blacksmith | 1 | |
| Arcane Sanctum | 2 | |
13 total
» build order
00:12 Farm
00:20 Altar of Kings
00:36 Barracks
00:54 Farm
01:26 Scout Tower
01:48 Lumber Mill
01:53 Arcane Tower
02:25 Farm
04:05 Keep
04:59 Blacksmith
06:28 Farm
07:23 Arcane Sanctum
07:27 Arcane Sanctum
team 2 (winner)
YukonCorneleone (
red | 69 APM | 718 actions | 10:28)
3 Blademaster
2 Wind Walk
1 Critical Strike
» actions
| Assign group hotkey | 23 | |
| Basic commands | 30 | |
| Build / train | 36 | |
| ESC pressed | 1 | |
| Enter build submenu | 17 | |
| Enter hero's abilities submenu | 3 | |
| Give item / drop item | 1 | |
| Right click | 354 | |
| Select / deselect | 111 | |
| Select group hotkey | 101 | |
| Use ability | 41 | |
718 total
» units
» buildings
| Altar of Storms | 1 | |
| Orc Burrow | 4 | |
| Voodoo Lounge | 1 | |
| War Mill | 1 | |
| Watch Tower | 5 | |
| Stronghold | 1 | |
| Beastiary | 3 | |
16 total
» build order
00:05 Altar of Storms
00:19 Orc Burrow
00:44 Voodoo Lounge
01:14 War Mill
01:58 Orc Burrow
02:50 Orc Burrow
03:00 Watch Tower
03:02 Watch Tower
03:17 Watch Tower
04:15 Watch Tower
04:24 Stronghold
04:43 Orc Burrow
05:17 Watch Tower
06:49 Beastiary
06:52 Beastiary
07:19 Beastiary
» items
| Healing Salve | 2 | |
| Lesser Clarity Potion | 7 | |
| Boots of Speed | 1 | |
| Staff of Teleportation | 1 | |
11 total
Chat log
(07:29 / All) YukonCorneleone: take off defend...
(07:39 / All) YukonCorneleone: heroes arent piercing
(07:47 / All) YukonCorneleone: you have 1000 games on rec you should know that
(09:56 / All) l3lowuaway: gg
(10:04 / All) YukonCorneleone: how can you play htis many games
(10:08 / All) YukonCorneleone: and not understand the game
(10:24 / All) l3lowuaway: i hate playing or